 Dungeon Crawl Stone Soup version 0.25-a0-443-gece2dee8bd (webtiles) character file.

Game seed: 15355718927730649203, levelgen mode: deterministic

476 Roikka the Sneak (level 7, 0/40 HPs)
             Began as a Kobold Enchanter on Jan 30, 2020.
             Slain by a sky beast (5 damage)
             ... on level 5 of the Dungeon.
             The game lasted 00:20:08 (6010 turns).

Roikka the Sneak (Kobold Enchanter)                 Turns: 6010, Time: 00:20:10

Health: 0/40       AC:  5    Str: 11    XL:     7   Next: 32%
Magic:  9/12       EV: 16    Int: 16    God:
Gold:   151        SH:  0    Dex: 15    Spells: 4/13 levels left

rFire    . . .     SeeInvis .   b - +0 rapier
rCold    . . .     Gourm    .   (shield restricted)
rNeg     . . .     Faith    .   o - +0 robe
rPois    .         Spirit   .   r - +0 helmet
rElec    .         Reflect  .   q - +1 cloak
rCorr    .         Harm     .   (no gloves)
MR       .....                  (no boots)
Stlth    +++.......             (no amulet)
HPRegen  0.13/turn              y - +3 ring of strength
MPRegen  0.13/turn              v - ring of flight

@: no status effects
A: small, carnivore
a: Evoke Flight


You were on level 5 of the Dungeon.
You were very full.

You visited 1 branch of the dungeon, and saw 5 of its levels.

You collected 255 gold pieces.
You spent 104 gold pieces at shops.

Inventory:

Hand Weapons
 a - a +1 dagger
 b - a +0 rapier (weapon)
Missiles
 n - 34 poisoned darts (quivered)
Armour
 o - a +0 robe (worn)
 q - a +1 cloak (worn)
 r - a +0 helmet (worn)
Jewellery
 v - a ring of flight (right hand)
 y - a +3 ring of strength (left hand)
Wands
 k - a wand of digging (7)
Scrolls
 e - 2 scrolls of remove curse
 g - a scroll of immolation
 m - a scroll of enchant armour
 u - a scroll of amnesia
Potions
 c - a potion of cancellation
 h - 5 potions of curing
 i - 2 potions of invisibility {unknown}
 j - a potion of magic {unknown}
 l - a potion of haste {unknown}
 p - a potion of brilliance {unknown}
 s - a potion of agility {unknown}
 t - 3 potions of heal wounds {unknown}
 w - a potion of resistance {unknown}
 z - a potion of might
Comestibles
 d - 8 rations


   Skills:
 + Level 2.5 Fighting
 + Level 4.0 Short Blades
 - Level 3.0 Dodging
 + Level 6.0 Stealth
 + Level 3.6 Spellcasting
 + Level 4.2 Hexes
 - Level 2.0 Ice Magic


You had 4 spell levels left.
You knew the following spells:

 Your Spells              Type           Power        Failure   Level  Hunger
a - Corona                Hex            ###....      3%          1    None
b - Ensorcelled Hibernat  Hex/Ice        ##....       8%          2    ##.....
c - Confusing Touch       Hex            ###.....     10%         3    ###....
d - Tukima's Dance        Hex            ###.....     10%         3    ###....

Your spell library contained the following spells:

 Spells                   Type           Power        Failure   Level  Hunger
 Animate Skeleton         Necr           N/A          19%         1    None
 Apportation              Tloc           #.....       19%         1    None
 Summon Small Mammal      Summ           #...         19%         1    None
 Dazzling Flash           Conj/Hex       #.....       22%         3    ###....


Dungeon Overview and Level Annotations

Branches:
Dungeon (5/15)
 Temple: D:4-7

Altars:
Cheibriados
Fedhas
Gozag
Kikubaaqudgha
Wu Jian

Shops:
D:5 !:!


Innate Abilities, Weirdness & Mutations

You are small and have problems with some larger weapons.
You are carnivorous and can eat meat at any time.


Message History

You hit something but do no damage. Something closely misses you.
You hit something. Something hits you but does no damage.
You hit something. Something barely misses you.
You completely miss something. You hit something.
Something hits you but does no damage.
You miss something. Something hits you. Something shocks you.
A sky beast appears from thin air!
Reactivating autopickup.
The sky beast hits you.
* * * LOW HITPOINT WARNING * * *
The sky beast shocks you.
* * * LOW HITPOINT WARNING * * *
You hit the sky beast.
The sky beast is heavily wounded.
The sky beast flickers out of sight!
Deactivating autopickup; reactivate with Ctrl-A.
Something hits you.
* * * LOW HITPOINT WARNING * * *
Something shocks you.
You die...

#.# #..........#####
##.#
###.>.....{.....∩####
#..#
#........5......!....
#..#
#.##.#####...###.####
#..# . #.# #...# #(.#
#..######≈# #...#
##.# #..#....#.#
#...# #.# #..#.##=#{#
#...# #.# #..#..#.#@#
##### ##.##
#..#..#.#.# #...#
#..#.<#[#.# #.5.#
#.......#.### #...##
#.##........# #....#
#...........# #....#
#.####........#
#....#
#.............#
#.∩..#
######........#
####.#


There were no monsters in sight!

Vanquished Creatures
  An ogre (D:3)
  A howler monkey (D:4)
  A crimson imp (D:5)
  Crazy Yiuf (D:3)
  An iguana (D:4)
  An orc wizard (D:4)
  2 worker ants (D:4)
  Robin (D:3)
  8 adders
  An ooze (D:1)
  2 worms
  2 dart slugs (D:2)
  3 leopard geckos
  5 orcs
  5 bats
  6 giant cockroaches
  10 hobgoblins
  6 jackals
  3 quokkas
  A ball python (D:2)
  4 frilled lizards
  19 goblins
  4 kobolds
  A leopard gecko skeleton (D:4)
  5 rats
94 creatures vanquished.

Notes
Turn   | Place    | Note
-------+----------+-------------------------------------------
     0 | D:1      | Roikka the Kobold Enchanter began the quest for the Orb.
     0 | D:1      | Reached XP level 1. HP: 10/10 MP: 3/3
   430 | D:1      | Reached XP level 2. HP: 15/15 MP: 3/5
   437 | D:1      | Learned a level 2 spell: Ensorcelled Hibernation
   927 | D:1      | Reached XP level 3. HP: 19/19 MP: 3/6
  1412 | D:2      | Learned a level 3 spell: Confusing Touch
  1951 | D:2      | Reached skill level 1 in Ice Magic
  1951 | D:2      | Reached XP level 4. HP: 17/24 MP: 0/8
  2129 | D:2      | Found an ancient bone altar of Kikubaaqudgha.
  2406 | D:2      | Found a blossoming altar of Fedhas.
  3255 | D:3      | Found an ornate altar of the Wu Jian Council.
  3281 | D:3      | Reached XP level 5. HP: 26/28 MP: 9/9
  3311 | D:3      | Learned a level 3 spell: Tukima's Dance
  3582 | D:3      | Noticed Robin
  3660 | D:3      | Reached skill level 5 in Stealth
  3737 | D:3      | Found a runed translucent door.
  3738 | D:3      | Noticed Crazy Yiuf
  3745 | D:3      | Killed Crazy Yiuf
  3745 | D:3      | Reached skill level 1 in Fighting
  3871 | D:3      | Found a snail-covered altar of Cheibriados.
  4200 | D:3      | Killed Robin
  4292 | D:3      | Found an opulent altar of Gozag.
  4507 | D:4      | Reached XP level 6. HP: 34/34 MP: 10/10
  5685 | D:4      | Noticed an ogre
  5730 | D:3      | Killed an ogre
  5730 | D:3      | Reached XP level 7. HP: 40/40 MP: 8/12
  5824 | D:5      | Entered Level 5 of the Dungeon
  5870 | D:5      | Found Veomar's Distillery.
  5881 | D:5      | Bought a potion of curing for 39 gold pieces
  5881 | D:5      | Bought a potion of degeneration for 13 gold pieces
  5881 | D:5      | Bought a potion of might for 52 gold pieces
  5892 | D:5      | Found Biock's Book Shop.
  5907 | D:5      | Found Xingefiv's Distillery.
  5987 | D:5      | Reached skill level 6 in Stealth
  6010 | D:5      | Slain by a sky beast

Levels and vault maps discovered:
D:1:      evilmike_arrival_plus, layout_loops_ring, wad_floor_pattern_untrapped
D:2:      layout_loops_ring, grunt_temple_overflow_growth_and_decay,
          first_ration
D:3:      layout_rooms, old_standard_altar,
          chequers_temple_overflow_statue_of_worship, uniq_crazy_yiuf_cottage,
          uniq_robin
D:4:      layout_basic
D:5:      layout_basic, serial_shops, nicolae_shop_waterfront, shop, shop, shop,
          st_stairs_1

Skill      XL: |  1  2  3  4  5  6  7 |
---------------+----------------------+-----
Short Blades   | 2 3 4 |  4.0
Dodging        | 3 |  3.0
Ice Magic      | 1 2 |  2.0
Stealth        | 5 6 |  6.0
Fighting       | 1 2 |  2.5
Spellcasting   | 3 |  3.6
Hexes          | 4 |  4.2

Action                   |  1- 3 |  4- 6 |  7- 9 || total
-------------------------+-------+-------+-------++-------
Melee: Dagger            |   135 |   262 |     2 ||   399
       Rapier            |       |       |    20 ||    20
 Cast: Corona            |    15 |     5 |       ||    20
       Ensorcelled Hiber |    16 |    34 |     2 ||    52
       Confusing Touch   |     2 |     4 |     3 ||     9
       Tukima's Dance    |       |     2 |       ||     2
  Use: Scroll            |       |     7 |     2 ||     9
 Stab: Sleeping          |    14 |    21 |     1 ||    36
       Confused          |     1 |     4 |     2 ||     7
  Eat: Chunk             |    13 |    14 |     1 ||    28
Armor: Robe              |     7 |    39 |     8 ||    54
Dodge: Dodged            |    98 |   181 |     5 ||   284

Table legend:
 A = Non-vault XP
 B = Vault XP
 C = Vault XP percentage of total XP
 D = Non-vault monster count
 E = Vault monster count
 F = Vault count percentage of total count
                 A         B        C        D         E       F
            +---------+---------+-------+---------+---------+-------
      Total |     600 |      80 |  11.8 |      80 |      14 |  14.9
            +---------+---------+-------+---------+---------+-------
        D:1 |      42 |       0 |   0.0 |      22 |       0 |   0.0
        D:2 |      75 |       8 |   9.6 |      24 |       4 |  14.3
        D:3 |     194 |      72 |  27.1 |      21 |      10 |  32.3
        D:4 |     241 |       0 |   0.0 |      12 |       0 |   0.0
        D:5 |      48 |       0 |   0.0 |       1 |       0 |   0.0
            +---------+---------+-------+---------+---------+-------
